 Dungeon Crawl Stone Soup version 0.17-a0-1711-gc5340a3 (webtiles) character file.

10609 karlkraus the Blocker (level 11, -15/110 HPs)
             Began as a Hill Orc Fighter on Aug 22, 2015.
             Was a High Priest of Beogh.
             Demolished by an orc knight
             ... wielding a +2 glaive of distortion
              (20 damage)
             ... on level 13 of the Dungeon.
             The game lasted 00:47:01 (9766 turns).

karlkraus the Blocker (Hill Orc Fighter)            Turns: 9766, Time: 00:47:01

Health: -15/110    AC: 19    Str: 21    XL:     11   Next: 64%
Magic:  11/11      EV:  2    Int:  8    God:    Beogh [*****.]
Gold:   798        SH: 13    Dex: 14    Spells: 0 memorised, 10 levels left

rFire  . . .     SeeInvis .     K - +2 morningstar
rCold  + . .     Clarity  .     Q - +1 plate armour {rC+}
rNeg   . . .     SustAt   .     c - +0 shield
rPois  .         Gourm    .     G - +1 helmet
rElec  .         Spirit   .     (no cloak)
rCorr  .         Warding  .     q - +1 pair of gloves
rMut   .         Stasis   .     (no boots)
MR     ++...                    (no amulet)
Stlth  ..........               u - ring of protection from magic
                                r - +2 ring of dexterity

@: very resistant to hostile enchantments, extremely unstealthy
A: walk on water, claws 1, slimy green scales 1, deformed body, magic resistance
1, regeneration 1, robust 1
a: Smiting, Recall Orcish Followers, Give Item to Named Follower, Renounce
Religion


You were on level 13 of the Dungeon.
You worshipped Beogh.
Beogh was extremely pleased with you.
You were hungry.

You visited 1 branch of the dungeon, and saw 13 of its levels.

You collected 798 gold pieces.

Inventory:

Hand weapons
 H - a cursed +1 battleaxe
 K - a +2 morningstar (weapon)
Armour
 c - a +0 shield (worn)
 q - a +1 pair of gloves (worn)
 G - a +1 helmet (worn)
 Q - a +1 plate armour of cold resistance (worn)
Jewellery
 f - an uncursed ring of protection from fire
 r - a +2 ring of dexterity (left hand)
 u - a ring of protection from magic (right hand)
 y - an uncursed ring of positive energy
 C - an uncursed ring of poison resistance
Scrolls
 a - a scroll of torment {unknown}
 h - 2 scrolls of fear
 j - 2 scrolls of fog
 l - 4 scrolls of teleportation
 m - 10 scrolls of remove curse
 B - 2 scrolls of amnesia
 E - a scroll of magic mapping {unknown}
 J - a scroll of enchant weapon {unknown}
 L - a scroll of brand weapon {unknown}
 M - 4 scrolls of identify
 P - a scroll of recharging
Potions
 d - a potion of cancellation {unknown}
 g - 3 potions of cure mutation
 o - 2 potions of lignification
 p - 10 potions of curing
 s - 3 potions of heal wounds {unknown}
 t - 3 potions of haste
 x - 2 potions of agility
 z - 3 potions of degeneration {unknown}
 D - a potion of brilliance {unknown}
Comestibles
 b - 2 slices of pizza
 e - 10 bread rations
 k - 5 meat rations


   Skills:
 + Level 10.2 Fighting
 + Level 9.4(10.2) Axes
 + Level 5.3(7.4) Maces & Flails
 + Level 9.3 Armour
 + Level 3.8 Dodging
 + Level 1.5 Stealth
 + Level 11.2 Shields
 + Level 1.1 Invocations


You had 10 spell levels left.
You didn't know any spells.

Dungeon Overview and Level Annotations

Branches:
Dungeon (13/15)            Temple (0/1) D:5            Lair (0/8) D:11
    Orc (0/4) D:12         Vaults (0/5) D:13

Altars:
Dithmenos
Elyvilon
Gozag
Kikubaaqudgha
Sif Muna
Trog
Xom
Zin

Shops:
D:6 :   D:12 [

Annotations:
D:13 Rupert


Innate Abilities, Weirdness & Mutations

You can walk on water.
You have sharp fingernails.
You are partially covered in slimy green scales (AC +2).
Armour fits poorly on your strangely shaped body.
You are resistant to hostile enchantments.
Your natural rate of healing is unusually fast.
You are robust (+10% HP).


Message History

The human looks more experienced.
The human hits you but does no damage.
The human completely misses Olfrun.
The human barely misses Olfrun.
You block the human's attack. The human hits you but does no damage.
The human hits you but does no damage.
The skeletal warrior hits you from afar with a glaive!!
* * * LOW HITPOINT WARNING * * *
The orc knight closely misses you.
Olfrun misses the human.
The human hits you.
* * * LOW HITPOINT WARNING * * *
Rupert hits you with a great sword of holy wrath!
* * * LOW HITPOINT WARNING * * *
The human hits you but does no damage.
The human hits Olfrun but does no damage.
The human barely misses Olfrun.
You block the human's attack. The human closely misses you.
The human hits you but does no damage.
You are too injured to fight recklessly!
Unknown command.
You are too injured to fight recklessly!
The orc knight hits you from afar with a glaive of distortion!!
You die...
Beogh appreciates the orc knight's killing of a heretic priest.

#.
#.###########
#...........##
#.............
#.....p.......
#....pop...#
#...cpop...#
#...pp@p...#
#...pp@pz..#
#...pppp...#
#.............
#.............
#.............
#...........##
#...........#


You could see Rupert (berserk), an orc knight, a skeletal warrior, a centaur
warrior, 15 humans and the friendly Olfrun the orc knight.

Vanquished Creatures
  Erica (D:10)
  Pikel (D:4)
  The ghost of kae the Carver, an experienced MiFi (D:7)
  A griffon (D:12)
  A troll (D:9)
  A trapdoor spider zombie (D:11)
  A spriggan (D:8)
  A wyvern (D:8)
  Sigmund (D:4)
  The ghost of kae the Firebug, an average TeFE (D:5)
  A human (D:13)
  2 orc warriors
  A soldier ant (D:10)
  2 phantoms (D:9)
  Duvessa (D:7)
  12 centaurs
  4 sky beasts
  3 ogres
  3 ice beasts
  A slave (D:4)
  4 big kobolds
  7 giant frogs
  Dowan (D:7)
  10 killer bees
  5 scorpions
  A troll zombie (D:12)
  An electric eel (D:7)
  A crimson imp (D:10)
  A quasit (D:11)
  A giant frog zombie (D:5)
  5 wights
  3 orc priests
  A centaur skeleton (D:6)
  3 hounds
  7 orc wizards
  A giant frog skeleton (D:5)
  4 iguanas
  2 worker ants
  2 ogre zombies (D:12)
  2 worker ant zombies
  A gnoll (D:1)
  A river rat (D:11)
  10 adders
  2 shadow imps
  An ooze (D:6)
  2 adder skeletons
  4 worms
  24 orcs
  9 bats
  6 giant cockroaches
  6 hobgoblins
  6 jackals
  20 kobolds
  A quokka (D:2)
  2 ball pythons (D:3)
  4 giant geckos
  6 giant newts
  7 goblins
  A goblin zombie (D:12)
  3 orc skeletons (D:12)
  4 orc zombies (D:12)
  14 rats
  3 fungi (D:11)
239 creatures vanquished.

Vanquished Creatures (collateral kills)
  A manticore (D:11)
  A centaur zombie (D:12)
  A gargoyle (D:10)
  A kobold demonologist (D:11)
  A troll (D:10)
  3 deep elf magi
  A shadow (D:12)
  3 hungry ghosts (D:12)
  A sky beast (D:10)
  An ogre (D:13)
  An orc warrior (D:11)
  A centaur (D:11)
  A killer bee (D:10)
  3 troll zombies (D:12)
  A centaur skeleton (D:11)
  2 worker ants
  2 ogre zombies (D:12)
  A worker ant zombie (D:11)
  2 river rats (D:11)
  A shadow imp (D:11)
  3 orcs (D:11)
  3 jackals (D:11)
  A bat (D:11)
  A goblin skeleton (D:12)
  2 hobgoblin zombies (D:12)
  5 kobolds
  2 orc skeletons (D:12)
  12 orc zombies (D:12)
  2 rats (D:11)
  A fungus (D:11)
61 creatures vanquished.

Vanquished Creatures (others)
  An orc warrior (D:13)
  4 orcs
  3 orc wizards
8 creatures vanquished.

Grand Total: 308 creatures vanquished

Notes
Turn   | Place    | Note
--------------------------------------------------------------
     0 | D:1      | karlkraus the Hill Orc Fighter began the quest for the Orb.
     0 | D:1      | Reached XP level 1. HP: 19/19 MP: 1/1
   135 | D:1      | Reached XP level 2. HP: 25/27 MP: 2/2
   283 | D:1      | Reached skill level 4 in Fighting
   482 | D:1      | Reached XP level 3. HP: 19/33 MP: 3/3
   951 | D:2      | Found a deep blue altar of Sif Muna.
   956 | D:2      | Reached XP level 4. HP: 38/41 MP: 4/4
   957 | D:2      | Found a white marble altar of Elyvilon.
  1079 | D:3      | Became a worshipper of Beogh the Brigand
  1309 | D:3      | Found an opulent altar of Gozag.
  1314 | D:3      | Reached XP level 5. HP: 47/47 MP: 5/5
  1324 | D:3      | Reached skill level 1 in Dodging
  1589 | D:4      | Acquired Beogh's first power
  1589 | D:4      | Reached XP level 6. HP: 36/53 MP: 6/6
  1690 | D:4      | Found an ancient bone altar of Kikubaaqudgha.
  1709 | D:4      | Reached skill level 5 in Fighting
  1728 | D:4      | Noticed a slave
  1741 | D:4      | Killed a slave
  1745 | D:4      | Noticed a slave
  1747 | D:4      | Noticed Pikel
  1748 | D:4      | Noticed a slave
  1769 | D:4      | Noticed a slave
  1781 | D:4      | Killed Pikel
  1781 | D:4      | Reached skill level 5 in Axes
  1781 | D:4      | Reached skill level 5 in Shields
  1781 | D:4      | Reached XP level 7. HP: 20/62 MP: 7/7
  1944 | D:4      | Noticed Sigmund
  2189 | D:4      | Killed Sigmund
  2189 | D:4      | Reached skill level 6 in Fighting
  2189 | D:4      | Reached skill level 1 in Stealth
  2189 | D:4      | Reached XP level 8. HP: 58/70 MP: 8/8
  2793 | D:5      | Entered Level 5 of the Dungeon
  3232 | D:5      | Noticed kae's ghost (average TeFE)
  3238 | D:5      | Killed kae's ghost
  3276 | D:5      | Reached skill level 5 in Armour
  3570 | D:5      | Found a staircase to the Ecumenical Temple.
  3678 | D:6      | Found Dyewkug's Book Emporium.
  3710 | D:6      | Gained mutation: You have sharp fingernails. [mutagenic meat]
  3711 | D:6      | Gained mutation: Your natural rate of healing is unusually fast. [mutagenic meat]
  3712 | D:6      | Gained mutation: You are resistant to hostile enchantments. [mutagenic meat]
  3713 | D:6      | Gained mutation: Armour fits poorly on your strangely shaped body. [mutagenic meat]
  3714 | D:6      | Gained mutation: You are robust (+10% HP). [mutagenic meat]
  3734 | D:6      | Reached skill level 7 in Fighting
  3849 | D:6      | HP: 3/80 [orc warrior/long sword (6)]
  3851 | D:6      | HP: 1/80 [orc warrior/long sword (3)]
  3883 | D:6      | HP: 3/80 [orc warrior/long sword (17)]
  3891 | D:6      | Reached XP level 9. HP: 6/86 MP: 9/9
  4166 | D:6      | Acquired Beogh's second power
  4337 | D:7      | Noticed kae's ghost (experienced MiFi)
  4352 | D:7      | Killed kae's ghost
  4484 | D:7      | Noticed Dowan
  4485 | D:7      | Noticed Duvessa
  4500 | D:7      | Killed Duvessa
  4511 | D:7      | Killed Dowan
  4646 | D:7      | Found a shadowy altar of Dithmenos.
  4877 | D:7      | Reached skill level 8 in Fighting
  5713 | D:8      | Reached XP level 10. HP: 30/99 MP: 10/10
  5975 | D:8      | Gained mutation: You are partially covered in slimy green scales (AC +2). [mutagenic meat]
  6207 | D:8      | Reached skill level 9 in Axes
  6246 | D:8      | Found a bloodstained altar of Trog.
  6461 | D:9      | Found a glowing silver altar of Zin.
  6665 | D:9      | Acquired Beogh's third power
  6724 | D:9      | Found a shadowy altar of Dithmenos.
  6736 | D:9      | Reached skill level 1 in Invocations
  7131 | D:9      | Found a shimmering altar of Xom.
  7337 | D:10     | Entered Level 10 of the Dungeon
  7490 | D:10     | Reached skill level 1 in Maces & Flails
  7660 | D:10     | Noticed Erica
  7679 | D:10     | Killed Erica
  7679 | D:10     | Reached skill level 10 in Shields
  7679 | D:10     | Reached XP level 11. HP: 75/106 MP: 11/11
  7775 | D:10     | Noticed a cyclops
  7775 | D:10     | Noticed a manticore
  7776 | D:10     | Noticed a hill giant
  7778 | D:10     | Noticed an orc knight
  7781 | D:10     | Noticed an ogre mage
  8389 | D:11     | Found a staircase to the Lair.
  8536 | D:11     | Acquired Beogh's fourth power
  8888 | D:11     | Reached skill level 10 in Fighting
  9120 | D:12     | Gained Olfrun as an ally
  9220 | D:12     | Found a staircase to the Orcish Mines.
  9269 | D:12     | Acquired Beogh's fifth power
  9274 | D:12     | Reached skill level 11 in Shields
  9317 | D:12     | Reached skill level 5 in Maces & Flails
  9662 | D:12     | Found Yrosmit's Armour Shop.
  9759 | D:13     | Found a gate to the Vaults.
  9759 | D:13     | Noticed an orc knight
  9759 | D:13     | Noticed a skeletal warrior
  9759 | D:13     | Noticed a centaur warrior
  9759 | D:13     | Noticed Rupert
  9765 | D:13     | HP: 4/110 [Rupert/great sword of holy wrath (15)]
  9766 | D:13     | Demolished by an orc knight

Vault maps used:
D:1:      lightli_molten_gateway
D:2:      grunt_temple_overflow_open, first_bread
D:3:      nicolae_gozag_cash_rules_everything_around_me
D:4:      lemuel_round_altar, uniq_sigmund, uniq_pikel
D:5:      minmay_temple_entry_statues_pillars, glass_columns_a, st_stairs_8
D:6:      serial_shops, shop, kennysheep_generic_room_11
D:7:      grunt_dithmenos_smoke_and_mirrors, fountainhead, uniq_duvessa
D:8:      nicolae_whirlpool, lightli_temple_of_fire, the_bakery
D:9:      overflow_temple_1_default, basic_altar, tgw_xom
D:10:     minivault_12, uniq_erica
D:11:     due_lair_maze_entry_diamond
D:12:     zombieorc2_lemuel, serial_shops, kennysheep_little_box
D:13:     david_vaults_3, serial_shops, nicolae_shop_statue_plus

Action                   |  1- 3 |  4- 6 |  7- 9 | 10-12 || total
-------------------------+-------+-------+-------+-------++-------
Melee: War axe           |   100 |   168 |   377 |   186 ||   831
       Morningstar       |       |       |       |   398 ||   398
Invok: Convert to Beogh  |       |     1 |       |       ||     1
       Smiting           |       |       |       |     1 ||     1
  Use: Potion            |       |     1 |     2 |       ||     3
       Scroll            |       |       |    14 |     5 ||    19
 Stab: Paralysed         |       |       |       |     1 ||     1
  Eat: Chunk             |       |     3 |    13 |    15 ||    31
       Fruit             |       |       |     3 |     4 ||     7
       Beef jerky        |       |       |     1 |       ||     1
       Royal jelly       |       |       |       |     1 ||     1
